 Dungeon Sprint DCSS version 0.27-a0-1548-gf8a67e7463 (webtiles) character file.

Game seed: 14985802466994263441

1594 mhtbhm the Cleaver (level 8, -6/79 HPs)
             Began as a Minotaur Fighter on July 13, 2021.
             Was a High Priest of the Shining One.
             Mangled by a cyclops (23 damage)
             ... in the Dungeon (Sprint VII: "The Pits").
             The game lasted 00:01:44 (532 turns).

mhtbhm the Cleaver (Minotaur Fighter)                Turns: 532, Time: 00:01:45

Health: -6/79      AC: 14    Str: 23    XL:     8   Next: 62%
Magic:  11/13      EV:  8    Int:  5    God:    the Shining One [*****.]
Gold:   0          SH: 20    Dex: 10    Spells: 7/7 levels left

rFire    . . .     SeeInvis .   a - +2 hand axe
rCold    . . .     Faith    .   c - +0 kite shield
rNeg     + + .     Spirit   .   b - +3 chain mail
rPois    .         Reflect  .   (helmet restricted)
rElec    .         Harm     .   (no cloak)
rCorr    .         Rampage  .   (no gloves)
Will     .....     NoTele   +   (no boots)
Stlth    ..........             (no amulet)
HPRegen  0.23/turn              (no ring)
MPRegen  0.13/turn              (no ring)

@: divinely shielded, glowing
A: horns 2, retaliatory headbutt
a: Renounce Religion, Divine Shield, Cleansing Flame, Summon Divine Warrior


You were in the Dungeon.
You worshipped the Shining One.
The Shining One was extremely pleased with you.
You visited 1 branch

Inventory:

Hand Weapons
 a - a +2 hand axe (weapon)
Armour
 b - a +3 chain mail (worn)
 c - a +0 kite shield (worn)
Wands
 m - a wand of polymorph (6)
Scrolls
 j - a scroll of blinking
 k - 5 scrolls of amnesia
 l - a scroll of summoning
Potions
 d - a potion of might
 e - 6 potions of curing
 g - a potion of haste
 h - 4 potions of magic
 i - 3 potions of berserk rage


   Skills:
 + Level 9.7 Fighting
 + Level 12.4 Axes
 + Level 9.9 Armour
 + Level 3.1 Dodging
 + Level 0.3 Stealth
 + Level 10.7 Shields
 * Level 8.4 Invocations


You had 7 spell levels left.
You didn't know any spells.
Your spell library was empty.

Dungeon Overview and Level Annotations

Branches:
Dungeon (1/1)

Altars:
Ashenzari
Cheibriados
Dithmenos
Elyvilon
Fedhas
Gozag
Hepliaklqana
Kikubaaqudgha
Makhleb
Nemelex Xobeh
Okawaru
Qazlal
Ru
Sif Muna
Trog
Uskayaw
Vehumet
Wu Jian
Xom
Yredelemnul
Zin
The Shining One
Beogh
Jiyva
Lugonu


Innate Abilities, Weirdness & Mutations

You have a pair of horns on your head.
You reflexively headbutt those who attack you in melee.


Message History

You hit the two-headed ogre. You headbutt the two-headed ogre!
You kill the two-headed ogre!
The cyclops throws a large rock.
The large rock hits you!
* * * LOW HITPOINT WARNING * * *
Your Axes skill increases to level 12!
Your Dodging skill increases to level 3!
Your Shields skill increases to level 10!
Your Invocations skill increases to level 8!
You have reached level 8!
You feel agile.
Which direction?
You close the door, pushing everything out of the way.
As you open the door, it creaks loudly!
You hit the cyclops but do no damage. You headbutt the cyclops!
The cyclops is lightly wounded.
Unknown command.
You slash the cyclops! Your headbutt misses the cyclops.
The cyclops is moderately wounded.
The cyclops hits you!
* * * LOW HITPOINT WARNING * * *
Unknown command.
You hit the cyclops but do no damage. You headbutt the cyclops.
The cyclops is heavily wounded.
You block the cyclops's attack.
Unknown command.
You feel much better.
You slash the cyclops!
You headbutt the cyclops, but do no damage.
The cyclops is severely wounded.
You block the cyclops's attack.
You hit the cyclops.
The cyclops is severely wounded.
You hit the cyclops. Your headbutt misses the cyclops.
The cyclops is severely wounded.
The cyclops hits you!
* * * LOW HITPOINT WARNING * * *
You hit the cyclops.
The cyclops is severely wounded.
The cyclops hits you!!
You die...

#.##'#..#'###...<...#
#.#........##.......#
#.#.)†.....##.......#
#'###########.......#
#)÷.....#..##########
#.).#...#.######
#)).#...#)#....#
#.##.##.#'#†...#
#...#...#@C)...+
#...#...#'#)...#
#.......).# ...#
########### ###


You could see a cyclops.

Vanquished Creatures
  A two-headed ogre (D)
  A fire bat (D)
  2 wargs (D)
  A water moccasin (D)
  A floating eye (D)
  An ogre (D)
  A wolf (D)
  Blork the orc (D)
  A crimson imp (D)
  A gnoll shaman (D)
  An iguana (D)
  An orc wizard (D)
  5 gnolls (D)
  An orc (D)
  A ball python (D)
  A hobgoblin (D)
  3 jackals (D)
  A ball python skeleton (D)
  2 bats (D)
  A frilled lizard (D)
  A kobold (D)
29 creatures vanquished.

Notes
Turn   | Place    | Note
-------+----------+-------------------------------------------
     0 | D        | mhtbhm the Minotaur Fighter began the quest for the Orb.
     0 | D        | Reached XP level 1. HP: 19/19 MP: 0/0
    15 | D        | Reached XP level 2. HP: 25/28 MP: 1/1
    19 | D        | Found a bloodstained altar of Trog.
    19 | D        | Found a shimmering blue altar of Sif Muna.
    19 | D        | Found a viscous altar of Jiyva.
    19 | D        | Found a hazy altar of Hepliaklqana.
    19 | D        | Found an opulent altar of Gozag.
    20 | D        | Found a glowing golden altar of the Shining One.
    20 | D        | Found a glowing silver altar of Zin.
    20 | D        | Found a basalt altar of Yredelemnul.
    20 | D        | Found a shimmering altar of Xom.
    20 | D        | Found an ornate altar of the Wu Jian Council.
    20 | D        | Found a sacrificial altar of Ru.
    20 | D        | Found a stormy altar of Qazlal.
    20 | D        | Found an iron altar of Okawaru.
    20 | D        | Found a sparkling altar of Nemelex Xobeh.
    20 | D        | Found a burning altar of Makhleb.
    20 | D        | Found a blossoming altar of Fedhas.
    20 | D        | Found a white marble altar of Elyvilon.
    20 | D        | Found a shadowy altar of Dithmenos.
    20 | D        | Found a snail-covered altar of Cheibriados.
    22 | D        | Found a radiant altar of Vehumet.
    22 | D        | Found a corrupted altar of Lugonu.
    23 | D        | Found a hide-covered altar of Uskayaw.
    23 | D        | Found an ancient bone altar of Kikubaaqudgha.
    23 | D        | Found a broken altar of Ashenzari.
    53 | D        | Became a worshipper of the Shining One
    97 | D        | Reached skill level 3 in Axes
   102 | D        | Reached * piety under the Shining One
   105 | D        | Reached skill level 1 in Invocations
   112 | D        | Noticed a wolf
   112 | D        | Reached ** piety under the Shining One
   118 | D        | Killed a wolf
   119 | D        | Reached skill level 4 in Axes
   119 | D        | Reached XP level 3. HP: 34/38 MP: 1/4
   119 | D        | Reached XP level 4. HP: 41/45 MP: 1/5
   191 | D        | Noticed a water moccasin
   191 | D        | Noticed a fire bat
   191 | D        | Noticed a warg
   192 | D        | Reached *** piety under the Shining One
   195 | D        | Noticed an ogre
   200 | D        | Killed a water moccasin
   201 | D        | Reached skill level 6 in Axes
   201 | D        | Reached skill level 1 in Dodging
   201 | D        | Reached XP level 5. HP: 38/52 MP: 5/7
   204 | D        | Reached **** piety under the Shining One
   207 | D        | Reached skill level 7 in Axes
   208 | D        | Reached skill level 5 in Invocations
   208 | D        | Reached XP level 6. HP: 24/61 MP: 6/8
   212 | D        | Killed a warg
   213 | D        | Reached skill level 9 in Axes
   217 | D        | Killed a fire bat
   218 | D        | Reached XP level 7. HP: 21/69 MP: 7/10
   463 | D        | Reached skill level 10 in Axes
   471 | D        | Noticed Blork the orc
   479 | D        | Killed Blork the orc
   496 | D        | Reached ***** piety under the Shining One
   496 | D        | Noticed a two-headed ogre
   496 | D        | Noticed a cyclops
   510 | D        | Reached skill level 11 in Axes
   521 | D        | Killed a two-headed ogre
   522 | D        | Reached skill level 12 in Axes
   522 | D        | Reached skill level 10 in Shields
   522 | D        | Reached XP level 8. HP: 22/79 MP: 10/13
   532 | D        | Mangled by a cyclops

Illustrated notes

Levels and vault maps discovered:
D:        pitsprint [storerooms_1, entrance_room_1, metal_vault_6, armoury_2,
          mini_pit_1, grid_room_1, main_hall_1, silver_pit, the_coven_1,
          the_vestibule_1, steel_vault_5, golden_pit, hallway_of_sentries,
          crystal_vault_6, iron_vault_2, final_vault]

Skill      XL: |  1  2  3  4  5  6  7 |
---------------+----------------------+-----
Fighting       | 4 6 7 8 9 |  9.7
Armour         | 4 6 7 8 9 |  9.9
Shields        | 4 6 7 8 10 | 10.7
Axes           | 4 6 7 9 12 | 12.4
Invocations    | 3 4 5 6 8 |  8.4
Dodging        | 1 2 3 |  3.1
Stealth        | |  0.3

Action                   |  1- 3 |  4- 6 |  7- 9 || total
-------------------------+-------+-------+-------++-------
Melee: War axe           |     2 |       |       ||     2
       Hand axe          |    13 |    22 |    56 ||    91
       Headbutt          |     3 |     2 |    14 ||    19
Invok: Divine Shield     |       |       |     1 ||     1
  Use: Potion            |     1 |     3 |     2 ||     6
Armor: Scale mail        |     6 |     1 |       ||     7
       Chain mail        |       |    24 |     5 ||    29
Dodge: Dodged            |     6 |    18 |    11 ||    35
Block: Kite shield       |    15 |    41 |    25 ||    81

Table legend: (Time is in decaauts)
 A = Elapsed time spent in this place.
 B = Non-inter-level travel time spent in this place.
 C = Inter-level travel time spent in this place.
 D = Time resting spent in this place.
 E = Time spent auto-exploring this place.
 F = Levels seen in this place.
 G = Mean time per level.
                   A        B        C        D        E       F      G
               +--------+--------+--------+--------+--------+-----+--------+
         Total |    533 |    533 |      0 |    208 |     35 |   1 |  533.0 |
       Dungeon |    533 |    533 |      0 |    208 |     35 |   1 |  533.0 |
               +--------+--------+--------+--------+--------+-----+--------+

Top non-repeatable levels by time:
       D: 533 daAuts
